 Dungeon Crawl Stone Soup version 0.30-a0-1163-gf69bf04e7a (webtiles) character file.

Game seed: 7655485060744223551

366 garrulousMonolith the Shooter (level 6, -11/49 (52) HPs)
             Began as a Minotaur Hunter on Apr 29, 2023.
             Mangled by an ogre
             ... wielding a +0 giant spiked club
              (18 damage)
             ... on level 3 of the Dungeon.
             The game lasted 00:04:57 (2652 turns).

garrulousMonolith the Shooter (Minotaur Hunter)     Turns: 2652, Time: 00:04:57

HP:   -11/49 (52)   AC:  9    Str: 15    XL:     6   Next: 40%
MP:   5/5           EV:  8    Int:  6    God:
Gold: 174           SH:  0    Dex: 16    Spells: 5/5 levels left

rFire   . . .        b - +1 dagger (venom)
rCold   . . .        (no shield)
rNeg    . . .        s - +0 chain mail
rPois   .            (helmet restricted)
rElec   .            (no cloak)
rCorr   +            (no gloves)
SInv    .            (no boots)
Will    .....        (no amulet) Stlth
                     m - ring of resist corrosion
HPRegen 0.28/turn    u - ring of flight
MPRegen 0.09/turn

%: no passive effects
@: flying, drained
A: horns 2, retaliatory headbutt
a: no special abilities


You were on level 3 of the Dungeon.
You visited 1 branch of the dungeon, and saw 4 of its levels.

You collected 174 gold pieces.

Inventory:

Hand Weapons
 a - a +1 shortbow
 b - a +1 dagger of venom (weapon)
 v - a +0 sling
Armour
 c - a +0 leather armour
 n - a +0 ring mail
 s - a +0 chain mail (worn)
Jewellery
 m - a ring of resist corrosion (left hand)
 u - a ring of flight (right hand)
Scrolls
 d - a scroll of immolation
 h - a scroll of teleportation
 j - a scroll of vulnerability {unknown}
 l - a scroll of magic mapping {unknown}
 p - a scroll of enchant weapon
 r - a scroll of enchant armour {unknown}
Potions
 f - 6 potions of curing
 g - a potion of flight
 i - 3 potions of degeneration {unknown}
 k - a potion of might {unknown}
 o - a potion of invisibility {unknown}
 q - a potion of resistance {unknown}
 t - a potion of heal wounds


   Skills:
 + Level 4.1 Fighting
 * Level 6.0 Ranged Weapons
 + Level 2.8 Armour
 + Level 3.7 Dodging
 + Level 2.3 Stealth


You had 5 spell levels left.
You didn't know any spells.
Your spell library contained the following spells:

 Spells                   Type           Power      Damage    Failure   Level
 Magic Dart               Conj           0%         1d3       100%        1
 Searing Ray              Conj           0%         2d4       100%        2
 Hailstorm                Conj/Ice       0%         3d3       100%        3
 Tukima's Dance           Hex            0%         N/A       100%        3
 Fulminant Prism          Conj/Hex       0%         3d5       100%        4
 Ice Form                 Ice/Tmut       0%         N/A       100%        4
 Passage of Golubria      Tloc           0%         N/A       100%        4
 Yara's Violent Unravell  Hex/Tmut       0%         3d3       100%        5
 Simulacrum               Ice/Necr       0%         N/A       100%        6


Dungeon Overview and Level Annotations

Branches:
Dungeon (4/15)
 Temple: D:4-7

Altars:


Innate Abilities, Weirdness & Mutations

You have a pair of horns on your head.
You reflexively headbutt those who attack you in melee.


Message History

The orc wizard is lightly wounded.
The orc wizard gestures wildly while chanting.
The orc wizard flickers and vanishes!
Deactivating autopickup; reactivate with Ctrl-A.
You hit something but do no damage. You headbutt something.
Something hits you but does no damage.
You hit something. You headbutt something.
Reactivating autopickup.
You feel a bit more experienced.
Your Ranged Weapons skill increases to level 6!
Things that are here:
a +0 dagger; a +0 robe
Things that are here:
a +0 dagger; a +0 robe
There is a stone staircase leading down here.
You start resting.
HP restored.
Okay, then.
You fly downwards.
The hound bites you but does no damage.
The ogre hits you with a +0 giant spiked club!!
Ouch! That really hurt!
The orc barely misses you. You furiously retaliate!
You headbutt the orc. The hound bites you.
You hear an angry hiss.
There is a stone staircase leading up, spattered with blood here.
The hound bites you. The orc closely misses you.
The ogre hits you with a +0 giant spiked club!
* * * LOW HITPOINT WARNING * * *
The hound bites you.
* * * LOW HITPOINT WARNING * * *
You fly upwards.
There is a stone staircase leading down here.
You hit the ogre. You headbutt the ogre!
The ogre is moderately wounded.
The orc hits you but does no damage. The hound bites you but does no damage.
You hit the ogre.
The ogre is poisoned.
Your headbutt misses the ogre.
The ogre is heavily wounded.
The hound barely misses you. The orc hits you but does no damage.
The ogre hits you with a +0 giant spiked club!!
You die...

###########
#.........#
#.........#
#.......o.#
########)......h@#
......<.........O#
#................#
#.........)......#
#................##
#.................####
#....................#
........######.#.....#
........####
#.#.....########


You could see an ogre (very poisoned), a hound and an orc.

Vanquished Creatures
  An orc priest (D:3)
  2 orc wizards (D:3)
  Terence (D:2)
  Natasha (thrice) (D:3)
  Robin (D:3)
  2 adders (D:3)
  6 gnolls
  2 dart slugs
  An orc (D:3)
  8 bats
  7 endoplasms
  2 giant cockroaches
  9 goblins
  11 hobgoblins
  7 jackals
  14 kobolds
  A quokka (D:1)
  6 ball pythons
  5 frilled lizards
  6 rats
95 creatures vanquished.

Notes
Turn   | Place    | Note
-------+----------+-------------------------------------------
     0 | D:1      | garrulousMonolith the Minotaur Hunter began the quest for
                  | the Orb.
     0 | D:1      | Reached XP level 1. HP: 18/18 MP: 0/0
     3 | D:1      | Noticed an electric eel
     4 | D:1      | Noticed an electric eel
    22 | D:1      | Reached skill level 1 in Stealth
    50 | D:1      | Reached XP level 2. HP: 25/25 MP: 1/1
   281 | D:1      | Reached XP level 3. HP: 31/31 MP: 2/2
   610 | D:2      | Identified the +0 helmet of Midnight {Dex+3}
   787 | D:2      | Reached skill level 1 in Armour
  1195 | D:2      | Noticed Terence
  1205 | D:2      | Killed Terence
  1206 | D:2      | Reached skill level 5 in Ranged Weapons
  1206 | D:2      | Reached XP level 4. HP: 38/38 MP: 3/3
  1514 | D:3      | Noticed Natasha
  1526 | D:3      | Killed Natasha
  1576 | D:3      | Noticed Robin
  1590 | D:2      | Reached XP level 5. HP: 22/45 MP: 4/4
  1747 | D:3      | Killed Robin
  2295 | D:3      | Noticed Natasha
  2307 | D:3      | Killed Natasha
  2376 | D:3      | Noticed Natasha
  2383 | D:3      | Killed Natasha
  2478 | D:3      | Reached XP level 6. HP: 50/52 MP: 5/5
  2548 | D:3      | Reached skill level 6 in Ranged Weapons
  2652 | D:3      | Mangled by an ogre

Illustrated notes

Levels and vault maps discovered:
D:1:      arrival_aquarium_b, layout_rooms, serial_park_tiny_1
D:2:      layout_basic, minmay_circle_x, uniq_terence
D:3:      layout_rooms, uniq_natasha, uniq_robin
D:4:      layout_rooms, uniq_duvessa, uniq_menkaure

Skill      XL: |  1  2  3  4  5  6 |
---------------+-------------------+-----
Stealth        | 1 2 |  2.3
Fighting       | 3 4 |  4.1
Armour         | 1 2 |  2.8
Ranged Weapons | 5 6 |  6.0
Dodging        | 3 |  3.7

Action                     |  1- 3 |  4- 6 || total
---------------------------+-------+-------++-------
  Melee: Dagger            |     5 |    66 ||    71
         Headbutt          |       |    11 ||    11
         Punch             |       |     2 ||     2
   Fire: Shortbow          |   113 |    88 ||   201
    Use: Scroll            |     2 |     3 ||     5
         Potion            |       |     1 ||     1
 Armour: Leather armour    |     7 |       ||     7
         Ring mail         |    24 |       ||    24
         Chain mail        |       |    94 ||    94
  Dodge: Dodged            |    54 |    61 ||   115

Table legend: (Time is in decaauts)
 A = Elapsed time spent in this place.
 B = Non-inter-level travel time spent in this place.
 C = Inter-level travel time spent in this place.
 D = Time resting spent in this place.
 E = Time spent auto-exploring this place.
 F = Levels seen in this place.
 G = Mean time per level.
                   A        B        C        D        E       F      G
               +--------+--------+--------+--------+--------+-----+--------+
         Total |   2736 |   2540 |    196 |    627 |   1312 |   4 |  684.0 |
       Dungeon |   2736 |   2540 |    196 |    627 |   1312 |   4 |  684.0 |
               +--------+--------+--------+--------+--------+-----+--------+

Top non-repeatable levels by time:
     D:3: 1132 daAuts
     D:2: 939 daAuts
     D:1: 619 daAuts
     D:4: 45 daAuts
